 Dungeon Crawl Stone Soup version 0.31-a0-256-g80acddb972 (webtiles) character file.

Game seed: 5828048168947998931

22 Conn the Firebug (level 2, 0/17 HPs)
             Began as an Octopode Fire Elementalist on July 13, 2023.
             Slain by a ball python (3 damage)
             ... on level 1 of the Dungeon.
             The game lasted 00:01:05 (595 turns).

Conn the Firebug (Octopode Fire Elementalist)        Turns: 595, Time: 00:01:05

Health: 0/17       AC:  1    Str:  7    XL:     2   Next: 91%
Magic:  1/5        EV: 13    Int: 17    God:
Gold:   28         SH:  0    Dex: 12    Spells: 4/5 levels left

rFire   . . .        b - +0 dagger
rCold   . . .        (no shield)
rNeg    . . .        (helmet restricted)
rPois   .            (no amulet)
rElec   .            (no ring)
rCorr   .            (no ring)
SInv    .            (no ring)
Will    .....        (no ring)
Stlth   +++          (no ring)
HPRegen 0.22/turn    (no ring)
MPRegen 0.09/turn    (no ring)
                     (no ring)

%: no passive effects
@: no status effects
A: almost no armour, amphibious, 8 rings, camouflage 1, gelatinous body 1,
(nimble swimmer 1), tentacles
a: no special abilities


You were on level 1 of the Dungeon.
You visited 1 branch of the dungeon, and saw 1 of its levels.

You collected 28 gold pieces.

Inventory:

Hand Weapons
 b - a +0 dagger (weapon)
Scrolls
 c - 3 scrolls of vulnerability {unknown}
 e - a scroll of fog {unknown}
Potions
 a - a potion of magic
 d - 2 potions of curing {unknown}


   Skills:
 + Level 0.2 Fighting
 + Level 2.0 Dodging
 + Level 2.8 Stealth
 + Level 2.4 Spellcasting
 + Level 1.1 Conjurations
 + Level 3.5 Fire Magic


You had 4 spell levels left.
You knew the following spells:

 Your Spells              Type           Power      Damage    Failure   Level
a - Foxfire               Conj/Fire      36%        2x1d5     7%          1

Your spell library contained the following spells:

 Spells                   Type           Power      Damage    Failure   Level
 Scorch                   Fire           28%        2d6       7%          2
 Inner Flame              Hex/Fire       8%         N/A       26%         3
 Volatile Blastmotes      Fire/Tloc      16%        2d11      26%         3
 Flame Wave               Conj/Fire      9%         2d6       56%         4


Dungeon Overview and Level Annotations

Branches:
Dungeon (1/15)

Altars:


Innate Abilities, Weirdness & Mutations

You cannot wear most types of armour.
You are amphibious.
You can wear up to eight rings at the same time.
Your skin changes colour to match your surroundings (Stealth+).
Your rubbery body absorbs attacks. (AC +1, EV +1)
((You are camouflaged when in or above water. (Stealth+)))
You have tentacles for arms and can constrict up to eight enemies at once.


Message History

The foxfire hits the hobgoblin.
You kill the hobgoblin!
The foxfire hits the kobold.
The kobold is heavily wounded.
You hit the kobold but do no damage. Your grab misses the kobold.
The kobold is heavily wounded.
The kobold hits you with a +0 club.
Unknown command.
Casting: Foxfire (safe; 8% risk of failure)
Confirm with . or Enter, or press ? or * to list all spells.
You conjure some foxfire!
The rat completely misses you. The kobold closely misses you.
Unknown command.
You barely miss the kobold. Your grab misses the kobold.
The kobold is heavily wounded.
The foxfire hits the kobold.
The kobold is severely wounded.
The foxfire hits the kobold but does no damage.
The kobold is severely wounded.
The kobold hits you with a +0 club.
A goblin comes into view. It is wielding a +0 dagger.
The rat closely misses you.
You hit the kobold.
You kill the kobold!
The rat closely misses you.
Unknown command.
You hit the ball python. Your grab misses the ball python.
The ball python is moderately wounded.
The ball python misses you. The ball python grabs you.
The ball python constricts you. The rat barely misses you.
The ball python closely misses you. The ball python constricts you.
* * * LOW HITPOINT WARNING * * *
Unknown command.
You escape the ball python's grasp.
The rat attacks as you move away! The rat closely misses you.
There is a stone staircase leading down here.
The rat bites you.
* * * LOW HITPOINT WARNING * * *
The ball python bites you.
You die... #...............♣ #............PP.♣ #..†..........♣♣♣ #.............♣♣♣ .. #...............♣ PP.

##.)........†...P♣ P...
#)............#..♣♣Pr..
#.............##.♣P....
#..♣.......@S.g........
#.PP.......rg##.......
##.########..)?.......
# #...#l......
##.##....... ....
....... #.#.###.b.##.
#)#.? .##.# # ##. ##
.g#


You could see a hobgoblin, a goblin, a ball python, a frilled lizard and a rat.

Vanquished Creatures
  A bat (D:1)
  4 endoplasms (D:1)
  2 giant cockroaches (D:1)
  2 hobgoblins (D:1)
  2 ball pythons (D:1)
  2 frilled lizards (D:1)
  4 kobolds (D:1)
  2 rats (D:1)
19 creatures vanquished.

Vanquished Creatures (collateral kills)
  5 foxfires (D:1)
5 creatures vanquished.

Vanquished Creatures (others)
  46 foxfires (D:1)
46 creatures vanquished.

Grand Total: 70 creatures vanquished

Notes
Turn   | Place    | Note
-------+----------+-------------------------------------------
     0 | D:1      | Conn the Octopode Fire Elementalist began the quest for the
                  | Orb.
     0 | D:1      | Reached XP level 1. HP: 11/11 MP: 3/3
   221 | D:1      | Reached XP level 2. HP: 11/17 MP: 1/5
   595 | D:1      | Slain by a ball python

Illustrated notes

Levels and vault maps discovered:
D:1:      dpeg_cavernosity, layout_basic, serial_forest,
          infiniplex_forest_clump_cross, infiniplex_forest_clump_large,
          infiniplex_forest_diagonal, infiniplex_forest_straight_3,
          infiniplex_forest_clump_tiny, infiniplex_forest_straight_2,
          infiniplex_forest_lined_4_way, infiniplex_forest_lined_2,
          minmay_heptomino_w4

Action                     || total
---------------------------++-------
  Melee: Dagger            ||    23
         Tentacles         ||     4
         Constrict         ||     4
         Punch             ||     1
   Cast: Foxfire           ||    29
 Armour: Skin              ||     4
  Dodge: Dodged            ||    23

Table legend: (Time is in decaauts)
 A = Elapsed time spent in this place.
 B = Non-inter-level travel time spent in this place.
 C = Inter-level travel time spent in this place.
 D = Time resting spent in this place.
 E = Time spent auto-exploring this place.
 F = Levels seen in this place.
 G = Mean time per level.
                   A        B        C        D        E       F      G
               +--------+--------+--------+--------+--------+-----+--------+
         Total |    594 |    594 |      0 |      0 |    436 |   1 |  594.0 |
       Dungeon |    594 |    594 |      0 |      0 |    436 |   1 |  594.0 |
               +--------+--------+--------+--------+--------+-----+--------+

Top non-repeatable levels by time:
     D:1: 594 daAuts
